 Dungeon Crawl Stone Soup version 0.26-a0-778-g3fe0686644 (webtiles) character file.

Game seed: 9392705895706020495

840 marklar909 the Ruffian (level 7, -2/57 HPs)
             Began as a Purple Draconian Transmuter on Nov 9, 2020.
             Was an Initiate of Makhleb.
             Killed from afar by Blork the orc (5 damage)
             ... with a puff of frost
             ... on level 6 of the Dungeon.
             The game lasted 00:10:48 (6635 turns).

marklar909 the Ruffian (DrTm)                       Turns: 6635, Time: 00:10:49

Health: -2/57      AC:  2    Str: 14    XL:     7   Next: 67%
Magic:  8/13       EV: 21    Int: 14    God:    Makhleb [......]
Gold:   215        SH:  0    Dex: 16    Spells: 3/14 levels left

rFire    . . .     SeeInvis .     - Unarmed
rCold    . . .     Faith    .   (shield currently unavailable)
rNeg     . . .     Spirit   .   (armour unavailable)
rPois    x         Reflect  .   (helmet currently unavailable)
rElec    .         Harm     .   (cloak currently unavailable)
rCorr    .         Rampage  .   (gloves currently unavailable)
MR       +....                  (boots currently unavailable)
Stlth    ++........             (no amulet)
HPRegen  0.19/turn              (no ring)
MPRegen  0.13/turn              (no ring)

@: spider-form
A: tiny, (breathe power), unfitting armour, AC +6
a: End Transformation, Renounce Religion


You were on level 6 of the Dungeon.
You worshipped Makhleb.
Makhleb was noncommittal.
You were a venomous arachnid creature.
You visited 2 branches of the dungeon, and saw 6 of its levels.

You collected 215 gold pieces.

Inventory:

Hand Weapons
 a - a +1 vorpal shortbow
Missiles
 m - 62 arrows
Wands
 o - a wand of random effects (26)
Scrolls
 b - 5 scrolls of identify {unknown}
 c - a scroll of amnesia {unknown}
 e - a scroll of teleportation {unknown}
 f - a scroll of enchant weapon {unknown}
 h - 2 scrolls of blinking {unknown}
 i - a scroll of noise {unknown}
 k - a scroll of fear {unknown}
 q - 4 scrolls of remove curse
Potions
 g - a potion of cancellation {unknown}
 j - a potion of curing {unknown}
 l - a potion of resistance {unknown}
 n - a potion of flight {unknown}
 p - a potion of invisibility {unknown}


   Skills:
 * Level 3.1 Fighting
 + Level 0.5 Bows
 + Level 1.1 Throwing
 * Level 3.5 Dodging
 + Level 1.7 Stealth
 + Level 5.2 Unarmed Combat
 + Level 4.3 Spellcasting
 + Level 4.0 Transmutations
 + Level 1.6 Poison Magic


You had 3 spell levels left.
You knew the following spells:

 Your Spells              Type           Power        Failure   Level
a - Beastly Appendage     Tmut           ##....       12%         1
b - Wereblood             Tmut           ##......     16%         2
c - Spider Form           Tmut/Pois      ##........   36%         3
d - Blade Hands           Tmut           ##........   86%         5

Your spell library contained the following spells:

 Spells                   Type           Power        Failure   Level
 Confusing Touch          Hex            #.......     71%         3
 Gell's Gravitas          Tloc           #.........   71%         3
 Ice Form                 Ice/Tmut       #.......     82%         4
 Petrify                  Tmut/Erth      #.......     82%         4
 Yara's Violent Unravell  Hex/Tmut       #.........   98%         5
 Metabolic Englaciation   Hex/Ice        #.........   100%        5


Dungeon Overview and Level Annotations

Branches:
Dungeon (4/15)             Temple (1/1) D:4

Altars:
Ashenzari
Cheibriados
Dithmenos
Elyvilon
Fedhas
Gozag
Hepliaklqana
Kikubaaqudgha
Makhleb
Nemelex Xobeh
Qazlal
Ru
Trog
Uskayaw
Vehumet
Xom
Yredelemnul
The Shining One

Annotations:
D:6 1 runed translucent door, Blork the orc; FieryCelt13's ghost, novice HOFi


Innate Abilities, Weirdness & Mutations

((You can breathe bolts of dispelling energy.))
((Your rich purple scales are hard. (AC +6)))
You cannot fit into any form of body armour.
((You are cold-blooded and may be slowed by cold attacks.))


Message History

You hit Blork the orc.
Blork the orc looks as sick as possible!
Blork the orc is heavily wounded.
The white imp gestures at you. The puff of frost hits you!
* * * LOW HITPOINT WARNING * * *
Blork the orc closely misses you.
You hit the white imp.
You kill the white imp!
Makhleb accepts your kill.
Blork the orc points at you and mumbles some strange words.
The puff of flame hits you!
* * * LOW HITPOINT WARNING * * *
Unknown command.
You hit Blork the orc.
Blork the orc looks as sick as possible!
Blork the orc is severely wounded.
Blork the orc gestures at you while chanting.
The puff of frost hits you.
You die...

#.........†.......#
.##.##.###...#.##...#
.............#.##...#
##.........#.##...#
#...........##...#
#c###.........####...#
.....................#
#.###)o......######..#
#s.......# ###'###+##
..# ...5 ...### #...
#o.. #...


You could see Blork the orc (extremely poisoned).

Vanquished Creatures
  An ice beast (D:3)
  An ogre (D:4)
  2 centaurs (D:6)
  A hound (D:6)
  2 bullfrog skeletons (D:4)
  Ijyb (D:4)
  An iguana (D:4)
  3 worker ants
  11 gnolls
  6 adders
  A shadow imp (D:6)
  A white imp (D:6)
  An ufetubus (D:4)
  2 oozes
  An adder skeleton (D:4)
  5 worms
  3 dart slugs
  5 leopard geckos
  3 orcs
  10 bats
  6 giant cockroaches
  9 goblins
  6 hobgoblins
  5 jackals
  13 kobolds
  A quokka (D:6)
  2 frilled lizards (D:1)
  7 rats
110 creatures vanquished.

Notes
Turn   | Place    | Note
-------+----------+-------------------------------------------
     0 | D:1      | marklar909 the Draconian Transmuter began the quest for the
                  | Orb.
     0 | D:1      | Reached XP level 1. HP: 16/16 MP: 3/3
   248 | D:1      | Reached XP level 2. HP: 22/23 MP: 3/5
   679 | D:1      | Reached XP level 3. HP: 26/28 MP: 4/6
   698 | D:1      | Learned a level 2 spell: Wereblood
   702 | D:1      | Learned a level 3 spell: Spider Form
  1635 | D:1      | Reached skill level 4 in Unarmed Combat
  2157 | D:2      | Reached XP level 4. HP: 35/35 MP: 7/7
  2743 | D:2      | Found a hide-covered altar of Uskayaw.
  2952 | D:3      | Reached XP level 5. HP: 40/40 MP: 7/9
  3097 | D:3      | Found a broken altar of Ashenzari.
  3097 | D:3      | Noticed an ice beast
  3106 | D:3      | Killed an ice beast
  3106 | D:3      | Reached skill level 1 in Throwing
  3106 | D:3      | Reached skill level 1 in Stealth
  3742 | D:3      | Reached XP level 6. HP: 48/48 MP: 6/10
  4270 | D:3      | Reached skill level 1 in Poison Magic
  4549 | D:3      | Found a radiant altar of Vehumet.
  4549 | D:3      | Found a shimmering altar of Xom.
  5419 | D:4      | Found a staircase to the Ecumenical Temple.
  5437 | Temple   | Entered the Ecumenical Temple
  5688 | Temple   | Became a worshipper of Makhleb the Destroyer
  5720 | D:4      | Your scales start taking on a rich purple colour.
  5720 | D:4      | Reached XP level 7. HP: 55/55 MP: 9/13
  5809 | D:4      | Learned a level 5 spell: Blade Hands
  5812 | D:4      | Noticed Ijyb
  5823 | D:4      | Killed Ijyb
  6010 | D:4      | Reached skill level 5 in Unarmed Combat
  6235 | D:4      | You fall into a shaft and drop 2 floors!
  6541 | D:6      | Found a runed translucent door.
  6544 | D:6      | Noticed FieryCelt13's ghost (novice HOFi)
  6620 | D:6      | Noticed Blork the orc
  6635 | D:6      | Killed from afar by Blork the orc

Illustrated notes

Levels and vault maps discovered:
D:1:      evilmike_arrival_fibonacci_small, layout_basic
D:2:      layout_basic, marbit_many_paths
D:3:      layout_loops_ring, amethyst_overflow_temple_binary,
          nicolae_ashenzari_panopticon
D:4:      layout_rooms, gammafunk_temple_overflow_elements,
          minmay_temple_entry_overgrown, corexii_shack, grunt_decor_fettered,
          uniq_ijyb
D:6:      layout_basic, portal_sewer_entry_b, ebering_ghost_sewer_d,
          lemuel_angel_altar, uniq_blork_the_orc
Temple:   minmay_temple_curvy_branch

Skill      XL: |  1  2  3  4  5  6  7 |
---------------+----------------------+-----
Unarmed Combat | 4 5 |  5.2
Dodging        | 2 3 |  3.5
Throwing       | 1 |  1.1
Stealth        | 1 |  1.7
Spellcasting   | 3 4 |  4.3
Transmutations | 3 4 |  4.0
Poison Magic   | 1 |  1.6
Fighting       | 2 3 |  3.1
Bows           | |  0.5

Action                   |  1- 3 |  4- 6 |  7- 9 || total
-------------------------+-------+-------+-------++-------
Melee: Unarmed           |   116 |   150 |    73 ||   339
       Kick              |    14 |    34 |     3 ||    51
       Tailslap          |    10 |    10 |     3 ||    23
       Headbutt          |    12 |    15 |     4 ||    31
       Punch             |     1 |       |     1 ||     2
 Fire: Shortbow          |       |       |     9 ||     9
Throw: Dart              |     5 |    22 |       ||    27
 Cast: Beastly Appendage |    23 |    30 |     3 ||    56
       Wereblood         |     4 |    14 |     3 ||    21
       Spider Form       |       |     8 |     6 ||    14
 Abil: Breathe Dispellin |       |       |     1 ||     1
  Use: Scroll            |       |     1 |       ||     1
       Potion            |       |     1 |       ||     1
 Stab: Sleeping          |       |     4 |       ||     4
       Distracted        |       |       |     1 ||     1
Armor: Skin              |    44 |    46 |     8 ||    98
Dodge: Dodged            |    85 |   133 |    74 ||   292

Table legend: (Time is in decaauts)
 A = Elapsed time spent in this place.
 B = Non-inter-level travel time spent in this place.
 C = Inter-level travel time spent in this place.
 D = Time resting spent in this place.
 E = Time spent auto-exploring this place.
 F = Levels seen in this place.
 G = Mean time per level.
                   A        B        C        D        E       F      G
               +--------+--------+--------+--------+--------+-----+--------+
         Total |   6612 |   6369 |    243 |   1590 |   3769 |   6 | 1102.0 |
       Dungeon |   6337 |   6141 |    196 |   1590 |   3546 |   5 | 1267.4 |
        Temple |    274 |    227 |     47 |      0 |    223 |   1 |  274.0 |
               +--------+--------+--------+--------+--------+-----+--------+

Top non-repeatable levels by time:
     D:3: 2328 daAuts
     D:1: 1788 daAuts
     D:2: 1150 daAuts
     D:4: 673 daAuts
     D:6: 397 daAuts
  Temple: 274 daAuts
